 Dungeon Crawl Stone Soup version 0.21.1-1-g345015f (webtiles) character file.

1062 tyranidshit the Skirmisher (level 8, 0/67 HPs)
             Began as a Demonspawn Abyssal Knight on July 26, 2018.
             Was a Priest of Lugonu.
             Slain by an ogre
             ... wielding a +0 giant spiked club
              (20 damage)
             ... on level 6 of the Dungeon.
             The game lasted 00:14:00 (4316 turns).

tyranidshit the Skirmisher (DsAK)                   Turns: 4316, Time: 00:14:00

Health: 0/67       AC: 17    Str: 15    XL:     8   Next: 6%
Magic:  0/9        EV:  6    Int: 13    God:    Lugonu [***...]
Gold:   295        SH:  4    Dex: 13    Spells: 7/7 levels left

rFire    . . .     SeeInvis +   a - +1 hand axe
rCold    . . .     Gourm    .   o - +0 buckler
rNeg     . . .     Faith    .   d - +4 plate armour
rPois    .         Spirit   +   (helmet restricted)
rElec    .         Reflect  .   m - scarf {Spirit}
rCorr    .         Harm     .   j - +0 pair of gloves
MR       .....                  (no boots)
Stlth    ..........             (no amulet)
HPRegen  0.21/turn              w - ring of stealth
MPRegen  0.11/turn              z - ring of see invisible

@: no status effects
A: antennae 1, demonic guardian 1, sturdy frame 1
a: Depart the Abyss, Bend Space, Banish, Renounce Religion


You were on level 6 of the Dungeon.
You worshipped Lugonu.
Lugonu was most pleased with you.
You were not hungry.

You visited 1 branch of the dungeon, and saw 6 of its levels.
You visited the Abyss 1 time.
You also visited: Sewer.

You collected 295 gold pieces.

Inventory:

Hand Weapons
 a - a +1 hand axe (weapon)
 f - a +0 war axe
 y - the +1 whip "Kenal" {speed, rElec}
   (You found it on level 5 of the Dungeon)

   Attacks with this weapon are significantly faster.
   It insulates you from electricity.
Armour
 b - a +0 leather armour
 d - a +4 plate armour (worn)
 j - a +0 pair of gloves (worn)
 m - a scarf of spirit shield (worn)
 o - a +0 buckler (worn)
Jewellery
 l - an uncursed ring of ice
 w - a ring of stealth (left hand)
 z - a ring of see invisible (right hand)
Scrolls
 g - 5 scrolls of remove curse
 n - 2 scrolls of blinking
 p - 2 scrolls of fog
 q - a scroll of magic mapping
 r - 2 scrolls of fear
 v - a scroll of teleportation
 x - a scroll of identify
Potions
 e - 4 potions of brilliance
 h - a potion of lignification
 i - 2 potions of agility
 k - a potion of heal wounds
 s - a potion of might
 t - a potion of resistance
 u - a potion of magic
 A - a potion of flight
Comestibles
 c - 8 rations


   Skills:
 + Level 7.6 Fighting
 - Level 1.7 Axes
 - Level 5.4 Armour
 - Level 0.8 Dodging
 - Level 2.2 Shields
 - Level 2.4 Invocations


You had 7 spell levels left.
You didn't know any spells.

Dungeon Overview and Level Annotations

Branches:
Dungeon (6/15)             Temple (0/1) D:5

Altars:
Ashenzari
Fedhas
Gozag
Kikubaaqudgha
Nemelex Xobeh
Okawaru
Qazlal
Ru
Xom
Zin


Innate Abilities, Weirdness & Mutations

You have a pair of small antennae on your head.
A weak demonic guardian rushes to your aid.
Your movements are slightly less encumbered by armour. (ER -2)


Message History

The ogre is heavily wounded.
Your quasit disappears in a puff of smoke!
The ogre hits you with a giant spiked club!
* * * LOW HITPOINT WARNING * * *
You closely miss the ogre.
The ogre is heavily wounded.
The ogre barely misses you.
You hit the ogre.
The ogre is severely wounded.
Your ufetubus hits the ogre.
Your ufetubus hits the ogre but does no damage.
The ogre barely misses your ufetubus.
Your ufetubus completely misses the ogre.
Your ufetubus hits the ogre. You hit the ogre.
The ogre is almost dead.
Your ufetubus hits the ogre but does no damage.
Your ufetubus closely misses the ogre.
The ogre hits you with a giant spiked club!!
You die...

#########
#.......#
#.......# .......#
......# .....# #
##....# #.#
#<@5..#
....###.O...######
..................
..................
.)..###.##########
... #...5.......
.. ####ZO...### .
......# .......#


You could see an ogre and a friendly ufetubus.

Vanquished Creatures
  An ogre (D:3)
  3 centaurs (D:5)
  2 big kobolds (Sewer)
  6 hounds
  2 centaur skeletons (D:5)
  A bullfrog skeleton (D:5)
  Terence (D:3)
  3 worker ants
  A howler monkey zombie (D:5)
  8 adders
  A river rat (Sewer)
  A shadow imp (D:6)
  2 oozes
  An adder skeleton (D:5)
  4 worms
  A dart slug (D:2)
  3 leopard geckos
  13 orcs
  3 giant cockroaches
  9 goblins
  8 hobgoblins
  4 jackals
  3 quokkas
  7 ball pythons
  7 bats
  4 frilled lizards
  A jackal zombie (D:5)
  9 kobolds
  A leopard gecko skeleton (D:4)
  13 rats
123 creatures vanquished.

Vanquished Creatures (collateral kills)
  A bullfrog skeleton (D:6)
1 creature vanquished.

Grand Total: 124 creatures vanquished

Notes
Turn   | Place    | Note
-------+----------+-------------------------------------------
     0 | Abyss:1  | tyranidshit the Demonspawn Abyssal Knight began the quest for the Orb.
     0 | Abyss:1  | Reached XP level 1. HP: 18/18 MP: 2/2
    25 | Abyss:1  | Noticed a small abomination
    39 | D:1      | Escaped the Abyss
   208 | D:1      | Reached * piety under Lugonu
   281 | D:1      | Gained mutation: Your movements are slightly less encumbered by armour. (ER -2) [demonic ancestry]
   281 | D:1      | Reached XP level 2. HP: 4/24 MP: 3/3
   448 | D:1      | Reached skill level 4 in Fighting
   736 | D:1      | Gained mutation: You have a pair of small antennae on your head. [demonic ancestry]
   736 | D:1      | Reached XP level 3. HP: 24/30 MP: 4/4
   965 | D:2      | Found a stormy altar of Qazlal.
  1345 | D:2      | Found a glowing silver altar of Zin.
  1360 | D:2      | Reached XP level 4. HP: 36/38 MP: 5/5
  1362 | D:2      | Reached ** piety under Lugonu
  1366 | D:2      | Reached skill level 5 in Fighting
  1748 | D:3      | Noticed an ogre
  2277 | D:3      | Noticed Terence
  2302 | D:3      | Killed Terence
  2460 | D:3      | Reached XP level 5. HP: 41/44 MP: 6/6
  2633 | D:4      | Found a glowing drain.
  2666 | Sewer    | Entered a sewer
  2793 | Sewer    | Reached skill level 1 in Shields
  2808 | Sewer    | Reached *** piety under Lugonu
  2874 | Sewer    | Reached XP level 6. HP: 38/51 MP: 7/7
  3147 | D:4      | Reached skill level 5 in Armour
  3180 | D:3      | Reached XP level 7. HP: 35/56 MP: 5/8
  3365 | D:4      | Found a sparkling altar of Nemelex Xobeh.
  3510 | D:4      | Found an opulent altar of Gozag.
  3517 | D:4      | Found a shattered altar of Ashenzari.
  3522 | D:4      | Found an ancient bone altar of Kikubaaqudgha.
  3529 | D:4      | Found a shimmering altar of Xom.
  3534 | D:4      | Found an iron altar of Okawaru.
  3541 | D:4      | Found a blossoming altar of Fedhas.
  3546 | D:4      | Found a sacrificial altar of Ru.
  3565 | D:5      | Entered Level 5 of the Dungeon
  3727 | D:5      | Reached skill level 6 in Fighting
  3740 | D:5      | Got a jasper-encrusted ring mail
  3741 | D:5      | Identified the cursed +1 ring mail of the Townfolk {rElec} (You found it on level 5 of the Dungeon)
  3841 | D:5      | Got a fine whip
  3842 | D:5      | Identified the cursed +1 whip "Kenal" {speed, rElec} (You found it on level 5 of the Dungeon)
  3989 | D:5      | Reached skill level 7 in Fighting
  4038 | D:5      | Found a staircase to the Ecumenical Temple.
  4210 | D:5      | Gained mutation: A weak demonic guardian rushes to your aid. [demonic ancestry]
  4210 | D:5      | Reached XP level 8. HP: 59/67 MP: 7/9
  4316 | D:6      | Slain by an ogre

Skill      XL: |  1  2  3  4  5  6  7 |
---------------+----------------------+-----
Fighting       | 4 5 7 |  7.6
Armour         | 3 4 5 |  5.4
Shields        | 1 2 |  2.2
Axes           | |  1.7
Dodging        | |  0.8
Invocations    | |  2.4

Action                   |  1- 3 |  4- 6 |  7- 9 || total
-------------------------+-------+-------+-------++-------
Melee: Hand axe          |   100 |   317 |   200 ||   617
       War axe           |    36 |       |       ||    36
Invok: Depart the Abyss  |     1 |       |       ||     1
  Use: Potion            |     6 |     2 |     1 ||     9
       Scroll            |     8 |     6 |     2 ||    16
 Stab: Distracted        |       |       |     1 ||     1
  Eat: Ration            |     1 |     2 |     1 ||     4
Armor: Leather armour    |    20 |       |       ||    20
       Plate armour      |    59 |   262 |   169 ||   490
Dodge: Dodged            |    73 |    79 |    57 ||   209
Block: Buckler           |       |    30 |    55 ||    85
